 Dungeon Crawl Stone Soup version 0.32-a0-290-g598725c5f2 (webtiles) character file.

Game seed: 11882421160647933800

1463 Newt the Shooter (level 9, 0/57 HPs)
             Began as a Kobold Hunter on Feb 13, 2024.
             Was a Follower of Okawaru.
             Slain by a gnoll
             ... wielding a +0 halberd
             ... led by a gnoll bouda
              (12 damage)
             ... on level 6 of the Dungeon.
             The game lasted 00:05:13 (5614 turns).

Newt the Shooter (Kobold Hunter)                    Turns: 5614, Time: 00:05:14

Health: 0/57       AC:  4    Str: 14    XL:     9   Next: 5%
Magic:  9/9        EV: 15    Int: 10    God:    Okawaru [*.....]
Gold:   251        SH:  0    Dex: 22    Spells: 8/8 levels left

rFire   . . .        e - +8 war axe "Cutaimas" {freeze, Str+3}
rCold   . . .        r - orb {light}
rNeg    + . .        z - +2 robe "Wumum" {rN+ rCorr Dex+2}
rPois   .            (helmet currently unavailable)
rElec   .            (cloak currently unavailable)
rCorr   +            d - melded +2 pair of gloves
SInv    .            (boots currently unavailable)
Will    .....        (no amulet)
Stlth   ++           (no ring)
HPRegen 0.29/turn    (no ring)
MPRegen 0.11/turn

%: no passive effects
@: beast-form, marked, glowing
A: beast (slay +4), small, no large weapons, nightstalker 3
a: Begin Untransformation, Renounce Religion, Heroism


You were on level 6 of the Dungeon.
You worshipped Okawaru.
Okawaru was aware of your devotion.
You were a hulking beast.
You visited 2 branches of the dungeon, and saw 7 of its levels.

You collected 251 gold pieces.

Inventory:

Hand Weapons
 a - a +0 shortbow
 e - the +8 war axe "Cutaimas" (weapon) {freeze, Str+3}
   (You found it on level 3 of the Dungeon)

   Str+3:     It affects your strength (+3).
Missiles
 s - a throwing net (quivered)
Armour
 c - a +0 leather armour
 d - a +2 pair of gloves (melded)
 r - an orb of light (worn)
 u - a +0 leather armour of fire resistance
 z - the +2 robe "Wumum" (worn) {rN+ rCorr Dex+2}
   (You found it on level 5 of the Dungeon)

   Dex+2:     It affects your dexterity (+2).
   rN+:       It protects you from negative energy.
   rCorr:     It protects you from acid and corrosion.
Jewellery
 i - an amulet of magic regeneration
Talismans
 g - a beast talisman (active)
Wands
 v - a wand of iceblast (8)
Scrolls
 b - a scroll of butterflies
 h - 2 scrolls of amnesia
 m - 3 scrolls of teleportation
 n - a scroll of silence
 o - a scroll of noise
 p - a scroll of summoning
 q - a scroll of poison
 y - a scroll of enchant weapon {unknown}
 A - a scroll of revelation {unknown}
Potions
 f - 2 potions of attraction
 j - 5 potions of curing
 k - a potion of haste
 l - a potion of invisibility {unknown}
 t - a potion of heal wounds {unknown}
 w - 2 potions of enlightenment {unknown}
 x - a potion of lignification {unknown}


   Skills:
 + Level 7.0 Fighting
 * Level 0.3 Axes
 - Level 7.1 Ranged Weapons
 - Level 2.4 Dodging
 - Level 1.3 Stealth
 - Level 7.0 Shapeshifting


You had 8 spell levels left.
You didn't know any spells.
Your spell library contained the following spells:

 Spells                   Type           Power      Damage    Failure   Level
 Sting                    Conj/Alch      0%         1d3       36%         1
 Mercury Vapours          Alch/Air       0%         N/A       50%         2
 Mephitic Cloud           Conj/Alch/Air  0%         N/A       75%         3
 Brom's Barrelling Bould  Conj/Erth      0%         2d3       98%         4
 Olgreb's Toxic Radiance  Alch           0%         N/A       98%         4
 Fireball                 Conj/Fire      0%         3d3       100%        5
 Freezing Cloud           Conj/Ice/Air   0%         6-21      100%        5
 Iskenderun's Battlesphe  Conj           0%         2d6       100%        5
 Conjure Ball Lightning   Conj/Air       0%         3x3d6     100%        6
 Orb of Destruction       Conj           0%         9d5       100%        7


Dungeon Overview and Level Annotations

Branches:
Dungeon (6/15)             Temple (1/1) D:4

Altars:
Cheibriados
Dithmenos
Elyvilon
Fedhas
Hepliaklqana
Kikubaaqudgha
Makhleb
Okawaru
Qazlal
Ru
Trog
Uskayaw
Vehumet
Wu Jian
Xom
Yredelemnul
Zin
The Shining One

Shops:
D:1 *   D:5 =

Annotations:
D:2 1 runed translucent door, Crazy Yiuf


Innate Abilities, Weirdness & Mutations

You are a hulking beast.
Your limbs bulge with bestial killing power. (Slay +4)
You are small and have problems with some larger weapons.
You are completely attuned to the shadows.


Message History

There is a stone staircase leading down here.
You climb downwards.
There is a stone staircase leading up here.
Found an escape hatch in the ceiling.
There is an escape hatch in the ceiling here.
A - a scroll labelled XUXO YRICWYBRUREQ
Found a leather armour.
No target in view!
You see here a +0 leather armour.
Found 5 stones.
Found a stone staircase leading down and a stone staircase leading up.
No target in view!
Found a stone staircase leading down.
A gnoll comes into view. It is wielding a +0 whip.
The gnoll shouts!
You hear a shout! x2
The gnoll pulls the alarm!
The alarm trap emits a blaring wail!
A sentinel's mark forms upon you.
A gnoll comes into view. It is wielding a +0 flail.
A gnoll comes into view. It is wielding a +0 halberd.
You hear a shout! x4; You hear a bark!
A gnoll bouda comes into view. It is wielding a +0 whip.
You hear a shout!
You slash the gnoll! You freeze the gnoll.
You kill the gnoll!
Okawaru accepts your kill. The gnoll completely misses you.
The gnoll hits you from afar with a +0 halberd!
The gnoll hits you with a +0 flail!
A gnoll comes into view. It is wielding a +0 flail.
You slash the gnoll! You freeze the gnoll.
You kill the gnoll!
Okawaru accepts your kill.
You hit the gnoll bouda. You freeze the gnoll bouda.
The gnoll hits you from afar with a +0 halberd!
The gnoll bouda hits you with a +0 whip!
* * * LOW HITPOINT WARNING * * *
Unknown command.
The gnoll hits you from afar with a +0 halberd!
You die...

#.# ##.# #..# #..##
..# #...# ##..# #...#
#...## #...# ####....#
###...# ##.......#
#.....# #....h...#
.....## #.....)g.#
.....## ##..>...g.#
......## #<........g#
###....####......#....
# ###...##..>...##
##..........#
##..........
##.....#..


You could see a gnoll bouda and 2 gnolls.

Vanquished Creatures
  Eustachio (D:5)
  An ice beast (D:5)
  3 black bears
  2 phantoms
  A kobold brigand (D:4)
  Blork the orc (D:5)
  A scorpion (D:4)
  A bullfrog (D:4)
  2 hounds (D:4)
  2 jellies
  Jessica (D:2)
  2 sleepcaps
  An iguana (D:4)
  2 orc wizards
  2 gnolls (D:6)
  5 adders
  2 white imps
  2 ufetubi (D:5)
  2 dart slugs (D:2)
  18 orcs
  11 ball pythons
  4 bats
  12 endoplasms
  4 giant cockroaches
  8 goblins
  6 hobgoblins
  3 quokkas
  6 frilled lizards
  8 kobolds
  10 rats
124 creatures vanquished.

Notes
Turn   | Place    | Note
-------+----------+-------------------------------------------
     0 | D:1      | Newt the Kobold Hunter began the quest for the Orb.
     0 | D:1      | Reached XP level 1. HP: 12/12 MP: 1/1
    65 | D:1      | Reached XP level 2. HP: 18/18 MP: 2/2
    97 | D:1      | Reached XP level 3. HP: 11/22 MP: 3/3
   252 | D:1      | Found Juqaegen's General Store.
   484 | D:1      | Reached XP level 4. HP: 28/28 MP: 4/4
   744 | D:2      | Noticed Jessica
   753 | D:2      | Killed Jessica
   754 | D:2      | Reached XP level 5. HP: 28/32 MP: 5/5
  1009 | D:2      | Found a runed translucent door.
  1012 | D:2      | Noticed Crazy Yiuf
  1124 | D:2      | Reached skill level 1 in Shapeshifting
  1443 | D:2      | Found a glowing silver altar of Zin.
  2003 | D:3      | Identified the +8 war axe "Cutaimas" {freeze, Str+3}
  2510 | D:4      | Reached XP level 6. HP: 38/38 MP: 6/6
  2753 | D:4      | Found a staircase to the Ecumenical Temple.
  2785 | D:4      | HP: 1/39 [poisoned by a kobold brigand (curare-tipped
                  | dart)]
  3162 | D:4      | Reached XP level 7. HP: 39/44 MP: 7/7
  3363 | D:4      | Reached skill level 5 in Fighting
  3990 | D:4      | Reached skill level 5 in Shapeshifting
  3990 | D:4      | Reached XP level 8. HP: 42/50 MP: 8/8
  4132 | Temple   | Entered the Ecumenical Temple
  4160 | Temple   | Became a worshipper of Warmaster Okawaru
  4207 | D:5      | Entered Level 5 of the Dungeon
  4418 | D:5      | Noticed Blork the orc
  4419 | D:5      | Found a glowing golden altar of the Shining One.
  4423 | D:5      | Killed Blork the orc
  4780 | D:5      | Found Bomaf's Jewellery Boutique.
  4880 | D:5      | Identified the +2 robe "Wumum" {rN+ rCorr Dex+2}
  5012 | D:5      | Noticed Eustachio
  5019 | D:5      | Killed Eustachio
  5023 | D:5      | Reached * piety under Okawaru
  5231 | D:5      | Reached XP level 9. HP: 52/57 MP: 9/9
  5614 | D:6      | Slain by a gnoll

Illustrated notes

Levels and vault maps discovered:
D:1:      spicycebolla_arrival_ecumenical, layout_rooms, serial_shops, shop,
          moated_statue, st_stairs_4, grunt_decor_arrowhead
D:2:      layout_loops_ring, basic_altar, uniq_jessica, uniq_crazy_yiuf_cottage
D:3:      layout_loops_ring
D:4:      layout_loops_corners, minmay_temple_entry_enclosed_plants,
          kennysheep_path_1, minmay_puff
D:5:      layout_loops_ring, mainiacjoe_overflow_cross_hatched, serial_shops,
          shop, nicolae_fountain_basement, uniq_eustachio, uniq_blork_the_orc
D:6:      layout_layer_cave, mainiacjoe_overflow_surrounded_room,
          nicolae_gozag_cash_rules_everything_around_me
Temple:   bh_familiar_temple

Skill      XL: |  1  2  3  4  5  6  7  8 |
---------------+-------------------------+-----
Ranged Weapons | 6 7 |  7.1
Fighting       | 3 4 5 7 |  7.0
Shapeshifting  | 2 3 5 7 |  7.0
Axes           | |  0.3
Dodging        | |  2.4
Stealth        | |  1.3

Action                     |  1- 3 |  4- 6 |  7- 9 || total
---------------------------+-------+-------+-------++-------
  Melee: War axe           |       |    12 |    91 ||   103
   Fire: Shortbow          |    59 |    94 |       ||   153
    Use: Scroll            |       |     4 |     4 ||     8
         Potion            |       |     2 |       ||     2
   Stab: Sleeping          |       |     3 |     3 ||     6
         Distracted        |       |       |     1 ||     1
 Armour: Leather armour    |    17 |    14 |    44 ||    75
         Robe              |       |       |    24 ||    24
  Dodge: Dodged            |    20 |    30 |    78 ||   128
   Form: Beast             |       |     1 |       ||     1

Table legend: (Time is in decaauts)
 A = Elapsed time spent in this place.
 B = Non-inter-level travel time spent in this place.
 C = Inter-level travel time spent in this place.
 D = Time resting spent in this place.
 E = Time spent auto-exploring this place.
 F = Levels seen in this place.
 G = Mean time per level.
                   A        B        C        D        E       F      G
               +--------+--------+--------+--------+--------+-----+--------+
         Total |   5686 |   5306 |    380 |    989 |   3618 |   7 |  812.3 |
       Dungeon |   5630 |   5305 |    325 |    989 |   3618 |   6 |  938.3 |
        Temple |     55 |      1 |     54 |      0 |      0 |   1 |   55.0 |
               +--------+--------+--------+--------+--------+-----+--------+

Top non-repeatable levels by time:
     D:4: 1799 daAuts
     D:5: 1138 daAuts
     D:2: 1072 daAuts
     D:3: 678 daAuts
     D:1: 660 daAuts
     D:6: 281 daAuts
  Temple: 55 daAuts
